 Dungeon Crawl Stone Soup version 0.26-a0-84-g8c18429211 (webtiles) character file.

Game seed: 11136971670068549410

235 Gargoyl the Skirmisher (level 5, -2/46 HPs)
             Began as a Centaur Abyssal Knight on June 21, 2020.
             Was a Believer of Lugonu.
             Slain by an iguana (12 damage)
             ... on level 4 of the Dungeon.
             The game lasted 00:03:24 (3377 turns).

Gargoyl the Skirmisher (Centaur Abyssal Knight)     Turns: 3377, Time: 00:03:24

Health: -2/46      AC:  7    Str: 14    XL:     5   Next: 76%
Magic:  16/16      EV:  4    Int: 11    God:    Lugonu [**....]
Gold:   91         SH:  0    Dex: 10    Spells: 4/4 levels left

rFire    . . .     SeeInvis .   a - +2 hand axe
rCold    . . .     Gourm    .   (no shield)
rNeg     . . .     Faith    .   d - +0 chain mail
rPois    .         Spirit   .   (no helmet)
rElec    .         Reflect  .   (no cloak)
rCorr    .         Harm     .   (no gloves)
MR       .....                  (no barding)
Stlth    ..........             (no amulet)
HPRegen  0.15/turn              f - ring of magical power
MPRegen  0.15/turn              (no ring)

@: very slightly contaminated, very quick
A: large, hooves 3, deformed body, speed 2, tough skin 3
a: Depart the Abyss, Bend Space, Renounce Religion


You were on level 4 of the Dungeon.
You worshipped Lugonu.
Lugonu was pleased with you.
You were not hungry.

You visited 1 branch of the dungeon, and saw 4 of its levels.
You visited the Abyss 1 time.

You collected 91 gold pieces.

Inventory:

Hand Weapons
 a - a +2 hand axe (weapon)
Missiles
 l - 4 javelins (quivered)
Armour
 d - a +0 chain mail (worn)
Jewellery
 f - a ring of magical power (left hand)
Scrolls
 b - 2 scrolls of identify
 g - a scroll of teleportation {unknown}
 h - 2 scrolls of fear
 n - a scroll of remove curse
Potions
 e - a potion of magic
 i - a potion of curing {unknown}
 j - a potion of brilliance {unknown}
 o - a potion of flight {unknown}
Comestibles
 c - 7 rations


   Skills:
 + Level 3.7 Fighting
 + Level 3.2 Axes
 * Level 2.7 Armour
 * Level 1.6 Dodging
 * Level 2.9 Invocations


You had 4 spell levels left.
You didn't know any spells.
Your spell library was empty.

Dungeon Overview and Level Annotations

Branches:
Dungeon (4/15)
 Temple: D:4-7

Altars:
Cheibriados
Hepliaklqana
Sif Muna
Zin


Innate Abilities, Weirdness & Mutations

You have hooves in place of feet.
Armour fits poorly on your strangely shaped body.
You cover ground very quickly.
You have extremely tough skin. (AC +3)


Message History

The iguana hisses angrily.
You hit the bullfrog skeleton.
You destroy the bullfrog skeleton!
Lugonu accepts your kill.
Your chain mail prevents you from hitting the iguana.
The iguana barely misses you.
You barely miss the iguana.
The iguana bites you but does no damage.
You barely miss the iguana. The iguana bites you!
You closely miss the iguana. The iguana bites you!
Your chain mail prevents you from hitting the iguana.
Your kick misses the iguana. The iguana bites you.
You hit the iguana.
The iguana is lightly wounded.
The iguana bites you!
* * * LOW HITPOINT WARNING * * *
You barely miss the iguana. You kick the iguana.
The iguana is heavily wounded.
The iguana bites you!
You die...

############ #....#.....#
####....#.....#
........#.....#
..............####
.................# #
.......>.........####.).#
....###.#.#.....@l......#
#.### #.#..............##
#... .................#
#........................
.............#.........#.
.............#.....##.##
......##.....<...... .#
.#....##............# #
.#....#


You could see an iguana.

Vanquished Creatures
  A scorpion (D:3)
  A bullfrog skeleton (D:4)
  A centaur skeleton (D:4)
  An orc wizard (D:3)
  3 adders
  An ooze (D:2)
  An adder skeleton (D:4)
  3 worms
  2 dart slugs
  3 leopard geckos
  4 orcs (D:3)
  10 bats
  3 giant cockroaches
  3 goblins
  5 hobgoblins
  A quokka (D:2)
  2 ball pythons
  3 frilled lizards
  6 kobolds
  5 rats
59 creatures vanquished.

Notes
Turn   | Place    | Note
-------+----------+-------------------------------------------
     0 | Abyss:1  | Gargoyl the Centaur Abyssal Knight began the quest for the
                  | Orb.
     0 | Abyss:1  | Reached XP level 1. HP: 19/19 MP: 2/2
    22 | Abyss:2  | Noticed a small abomination
    49 | Abyss:3  | Noticed a red draconian
    56 | Abyss:3  | Noticed a chaos spawn
    60 | Abyss:3  | Noticed an ettin
    60 | Abyss:3  | Noticed a flayed ghost
    61 | D:1      | Escaped the Abyss
   336 | D:1      | Reached * piety under Lugonu
   399 | D:1      | Reached XP level 2. HP: 26/26 MP: 3/3
   776 | D:2      | Reached skill level 1 in Dodging
  1055 | D:2      | Reached XP level 3. HP: 24/31 MP: 4/4
  1538 | D:2      | Found a snail-covered altar of Cheibriados.
  1991 | D:2      | Found a glowing silver altar of Zin.
  1991 | D:2      | Found a shimmering blue altar of Sif Muna.
  2114 | D:3      | Reached XP level 4. HP: 27/38 MP: 5/5
  2791 | D:3      | Found a hazy altar of Hepliaklqana.
  2916 | D:3      | Reached ** piety under Lugonu
  3014 | D:3      | Reached XP level 5. HP: 24/45 MP: 7/7
  3377 | D:4      | Slain by an iguana

Illustrated notes

Levels and vault maps discovered:
D:1:      lightli_iron_boxes, layout_loops_ring
D:2:      layout_loops_ring, lemuel_doored_altar,
          gammafunk_temple_overflow_wave, first_ration
D:3:      layout_rooms, minmay_strange_pillars, lemuel_altar_in_water
D:4:      layout_basic, riverfiend_overflow_shadow_ancestor,
          minmay_misc_feat_square, minmay_fractal_squares_diagonal_5, uniq_purgy

Skill      XL: |  1  2  3  4 |
---------------+-------------+-----
Axes           | 2 3 |  3.2
Dodging        | 1 |  1.6
Armour         | 2 |  2.7
Fighting       | |  3.7
Invocations    | |  2.9

Action                   |  1- 3 |  4- 6 || total
-------------------------+-------+-------++-------
Melee: Hand axe          |    95 |    81 ||   176
       Kick              |    12 |    14 ||    26
Invok: Depart the Abyss  |     1 |       ||     1
  Use: Scroll            |     5 |     4 ||     9
  Eat: Chunk             |     3 |     3 ||     6
Armor: Chain mail        |    57 |    69 ||   126
Dodge: Dodged            |    22 |    13 ||    35

Table legend:
 A = Non-vault XP
 B = Vault XP
 C = Vault XP percentage of total XP
 D = Non-vault monster count
 E = Vault monster count
 F = Vault count percentage of total count
                 A         B        C        D         E       F
            +---------+---------+-------+---------+---------+-------
      Total |     336 |       0 |   0.0 |      59 |       0 |   0.0
            +---------+---------+-------+---------+---------+-------
        D:1 |      22 |       0 |   0.0 |      12 |       0 |   0.0
        D:2 |      65 |       0 |   0.0 |      16 |       0 |   0.0
        D:3 |     165 |       0 |   0.0 |      28 |       0 |   0.0
        D:4 |      84 |       0 |   0.0 |       3 |       0 |   0.0
            +---------+---------+-------+---------+---------+-------
